 Dungeon Crawl Stone Soup version 0.27.1-34-g3ba077fa99 (webtiles) character file.

Game seed: 11579338457032152197

149 wispofvapor the Covered (level 5, 0/43 HPs)
             Began as a Barachi Fighter on Jan 1, 2022.
             Slain by a gnoll shaman (4 damage)
             ... on level 2 of the Dungeon.
             The game lasted 00:15:42 (2719 turns).

wispofvapor the Covered (Barachi Fighter)           Turns: 2719, Time: 00:15:43

Health: 0/43       AC:  7    Str: 19    XL:     5   Next: 31%
Magic:  5/5        EV:  7    Int:  8    God:
Gold:   91         SH:  9    Dex: 11    Spells: 4/4 levels left

rFire    . . .     SeeInvis .   a - +0 long sword
rCold    . . .     Faith    .   c - +0 kite shield
rNeg     . . .     Spirit   .   b - +0 scale mail
rPois    .         Reflect  .   (no helmet)
rElec    .         Harm     .   (no cloak)
rCorr    .         Rampage  .   (no gloves)
Will     .....                  (no boots)
Stlth    ..........             (no amulet)
HPRegen  0.14/turn              (no ring)
MPRegen  0.09/turn              (no ring)

@: unable to hop, slow
A: amphibious, slowness 1, strong legs 1, +LOS
a: Hop


You were on level 2 of the Dungeon.
You visited 1 branch of the dungeon, and saw 3 of its levels.

You collected 91 gold pieces.

Inventory:

Hand Weapons
 a - a +0 long sword (weapon)
 i - a +0 dagger
 k - a +0 dagger
 o - a +0 mace
Missiles
 f - 38 bolts
 j - 24 arrows
 p - 7 poisoned darts
Armour
 b - a +0 scale mail (worn)
 c - a +0 kite shield (worn)
 l - a +0 ring mail
 n - a +0 robe
 r - a +0 ring mail
Potions
 e - a potion of berserk rage {unknown}
 g - a potion of mutation {unknown}
 h - a potion of heal wounds {unknown}
 q - a potion of lignification {unknown}


   Skills:
 + Level 4.4 Fighting
 + Level 4.4 Long Blades
 + Level 4.4 Armour
 + Level 0.6 Dodging
 + Level 0.2 Stealth
 + Level 4.0 Shields


You had 4 spell levels left.
You didn't know any spells.
Your spell library was empty.

Dungeon Overview and Level Annotations

Branches:
Dungeon (3/15)

Altars:

Shops:
D:2 *!(*?


Innate Abilities, Weirdness & Mutations

You are amphibious.
You cover ground slowly.
You can hop short distances.
You have an extended range of vision and can be seen from far away.


Message History

You hit the gnoll shaman but do no damage.
The gnoll shaman is heavily wounded.
The gnoll shaman hits you with a +0 whip!
The gnoll shaman hits you but does no damage.
The gnoll barely misses you.
You hit the gnoll shaman.
The gnoll shaman is severely wounded.
You block the gnoll shaman's attack. The gnoll hits you but does no damage.
You closely miss the gnoll shaman.
The gnoll shaman is severely wounded.
The gnoll shaman closely misses you.
You riposte.
You hit the gnoll shaman.
The gnoll shaman is severely wounded.
You block the gnoll's attack. The gnoll barely misses you.
The gnoll shaman hits you with a +0 whip.
The gnoll shaman calls upon its god to speed up the gnoll.
The gnoll seems to speed up.
The gnoll hits you with a +0 club.
The gnoll hits you from afar with a +0 halberd.
* * * LOW HITPOINT WARNING * * *
As you read the scroll labelled UMYMIDU NUOPUPS, it crumbles to dust.
You speak a Word of immense power!
It was a scroll of holy word.
The gnoll hits you from afar with a +0 halberd.
* * * LOW HITPOINT WARNING * * *
Hop to where?
Press: ? - help, Q - select action, (/) - cycle Dir - move target Boing!
The gnoll shaman calls upon its god to speed up the gnoll.
The gnoll seems to speed up.
The gnoll closely misses you.
The gnoll throws a throwing net.
The throwing net barely misses you. The gnoll hits you with a +0 club.
* * * LOW HITPOINT WARNING * * *
The gnoll barely misses you.
The gnoll throws a throwing net.
You block the throwing net.
You see here a throwing net.
The gnoll closely misses you. You block the gnoll's attack. x2
There is a stone staircase leading up here.
The gnoll hits you but does no damage. You block the gnoll's attack. x2
You climb upwards.
There is a stone staircase leading down here.
The gnoll shaman hits you with a +0 whip.
You die...

..#.#.## #..#.#.#####.## #.#
...###.###..#.#........####.##
#.##..........##.............#
.###.∩........##.####..####..#
#.##...........#.## #..# #^.#
##.#..............###..####..#
................#...........>#
####..........(gg.##########.#
##...........#@## #.#
###...........##.# #.#
..............##.###########.#
##.∩..#######.##.............#
###..........################
############


You could see a gnoll shaman and a gnoll (fast).

Vanquished Creatures
  An iguana (D:3)
  4 gnolls (D:2)
  3 adders (D:2)
  A worm (D:2)
  A dart slug (D:2)
  4 ball pythons (D:1)
  2 endoplasms
  A giant cockroach (D:2)
  7 goblins
  5 hobgoblins
  5 jackals (D:2)
  2 kobolds (D:2)
  2 quokkas
  4 bats (D:1)
  6 frilled lizards
  5 rats
53 creatures vanquished.

Notes
Turn   | Place    | Note
-------+----------+-------------------------------------------
     0 | D:1      | wispofvapor the Barachi Fighter began the quest for the
                  | Orb.
     0 | D:1      | Reached XP level 1. HP: 18/18 MP: 1/1
   115 | D:1      | Reached XP level 2. HP: 25/25 MP: 2/2
   822 | D:1      | Reached XP level 3. HP: 30/30 MP: 3/3
  1292 | D:2      | Found Wesovowk's Weapon Shop.
  1294 | D:2      | Found Noaz's Distillery.
  1465 | D:2      | Reached XP level 4. HP: 17/37 MP: 4/4
  1665 | D:2      | Found Vuxakoph's General Store.
  2177 | D:2      | Reached XP level 5. HP: 43/43 MP: 5/5
  2271 | D:2      | Found Lawutagh's Assorted Antiques.
  2407 | D:2      | Found Fothrijue's Magic Scroll Shop.
  2719 | D:2      | Slain by a gnoll shaman

Illustrated notes

Levels and vault maps discovered:
D:1:      onia_arrival_handbag, layout_basic
D:2:      layout_loops_ring, serial_shops, shop, shop, shop, shop,
          nicolae_square_shop, kennysheep_another_room
D:3:      layout_basic, uniq_ijyb

Skill      XL: |  1  2  3  4  5 |
---------------+----------------+-----
Fighting       | 4 |  4.4
Armour         | 4 |  4.4
Long Blades    | 3 4 |  4.4
Shields        | 4 |  4.0
Dodging        | |  0.6
Stealth        | |  0.2

Action                   |  1- 3 |  4- 6 || total
-------------------------+-------+-------++-------
Melee: Long sword        |   102 |    86 ||   188
 Abil: Hop               |     1 |     1 ||     2
  Use: Potion            |     1 |       ||     1
       Scroll            |       |     3 ||     3
Armor: Scale mail        |    50 |    37 ||    87
Dodge: Dodged            |    39 |    45 ||    84
Block: Kite shield       |    60 |    51 ||   111
       Rpst.: Long sword |    17 |    14 ||    31
